 Dungeon Crawl Stone Soup version 0.17.0-28-g6e173f8 (webtiles) character file.

18 sugabear the Cudgeler (level 2, 18/18 HPs)
             Began as a Gargoyle Gladiator on Nov 29, 2015.
             Was a Follower of Makhleb.
             Got out of the dungeon alive.
             The game lasted 00:01:32 (568 turns).

sugabear the Cudgeler (Gargoyle Gladiator)           Turns: 568, Time: 00:01:32

Health: 18/18      AC:  6    Str: 18    XL:     2   Next: 70%
Magic:  2/2        EV: 12    Int:  8    God:    Makhleb [*.....]
Gold:   36         SH:  0    Dex: 10    Spells: 0 memorised, 1 level left

rFire  . . .     SeeInvis .     h - +0 mace (curse)
rCold  . . .     Clarity  .     b - +0 leather armour
rNeg   + . .     SustAt   .     (no shield)
rPois  ∞         Gourm    .     c - +0 helmet
rElec  +         Spirit   .     (no cloak)
rCorr  .         Warding  .     (no gloves)
rMut   .         Stasis   .     (no boots)
MR     .....                    (no amulet)
Stlth  +.........               (no ring)
                                (no ring)

@: not resistant to hostile enchantments, very unstealthy
A: negative energy resistance 1, electricity resistance, unbreathing,
petrification resistance, rot immunity, AC +2
a: Renounce Religion


You escaped.
You worshipped Makhleb.
Makhleb was aware of your devotion.
You were not hungry.

You visited 1 branch of the dungeon, and saw 2 of its levels.

You collected 36 gold pieces.

Inventory:

Hand Weapons
 a - a +0 flail
 h - a cursed +0 mace (weapon)
Missiles
 d - 3 throwing nets (quivered)
Armour
 b - a +0 leather armour (worn)
 c - a +0 helmet (worn)
Scrolls
 j - a scroll of remove curse {unknown}
 l - 2 scrolls of teleportation {unknown}
 n - 3 scrolls of identify {unknown}
 o - a scroll of fear {unknown}
Potions
 f - a potion of brilliance {unknown}
 g - a potion of degeneration {unknown}
 p - a potion of lignification {unknown}
Comestibles
 e - a bread ration
 i - a meat ration
 k - a beef jerky
 m - 3 fruits


   Skills:
 + Level 2.5 Fighting
 + Level 3.2 Maces & Flails
 + Level 1.7 Throwing
 + Level 0.2 Armour
 + Level 2.7 Dodging
 * Level 0.2 Invocations


You had one spell level left.
You didn't know any spells.

Dungeon Overview and Level Annotations

Branches:
Dungeon (2/15)

Altars:
Makhleb


Innate Abilities, Weirdness & Mutations

You are resistant to torment.
Your stone body is resilient (AC +2).
You are immune to poison.
You resist negative energy.
You are resistant to electric shocks.
You can survive without breathing.
You are immune to petrification.
You are immune to rotting.


Message History

You miss the giant newt. The giant newt closely misses you.
You sock the giant newt!
You kill the giant newt!
Makhleb accepts your kill.
No target in view!
No target in view!
n - 3 scrolls labeled DEESMU GURPHUI (gained 1)
You now have 27 gold pieces (gained 3).
p - a fuming yellow potion You now have 36 gold pieces (gained 9).
Done exploring.
Done exploring.
Done exploring.
Done exploring.
(D) Dungeon
Where to? (Enter - D:2, ? - help)
Okay, then.
There is a staircase leading out of the dungeon here.
Are you sure you want to leave the Dungeon?
This will make you lose the game!
You have escaped!

#######..###.......#.##.####.....
.##...........(.####.##.####....#
.............#..# #.#..#......##
..#......######.## #...##.#..###
.##..............###..##.....#
........#.#####......#.......#
.###......# ##..........)##.####
..##..#...####..##........÷.....#
......##........@#........##....#
##...###.....>.###.........##...#
#...####......###.........######
#.#..####....###..........##
#............#.............#
#.#..####..................#
##.##.#####......#..........#
#..##.##.....^..............#
........>##.#####..###..##..###


There were no monsters in sight!

Vanquished Creatures
  2 giant geckos (D:1)
  A giant cockroach (D:1)
  2 hobgoblins (D:1)
  2 bats (D:1)
  4 giant newts (D:1)
  2 goblins
  2 kobolds (D:1)
  A quokka (D:2)
  2 rats
18 creatures vanquished.

Notes
Turn   | Place    | Note
--------------------------------------------------------------
     0 | D:1      | sugabear the Gargoyle Gladiator began the quest for the Orb.
     0 | D:1      | Reached XP level 1. HP: 12/12 MP: 1/1
    90 | D:1      | Reached XP level 2. HP: 9/18 MP: 2/2
   277 | D:2      | Found a faded altar to an unknown god.
   296 | D:2      | Became a worshipper of Makhleb the Destroyer
   296 | D:2      | Reached * piety under Makhleb
   568 | D:$      | Got out of the dungeon alive.

Action                   || total
-------------------------++-------
Melee: Mace              ||    49
       Flail             ||     1
